TOP OF THE 1ST |
Northwestern Wildcats batting - Pitching for Oklahoma Sooners : RHP José Gabriel
|
Pitching: RHP José Gabriel
|
|
Batting: RHB Brandon Sharp
|
0-0: Foul Ball, location: 2F 0-1: Swinging Strike 0-2: Ball 1-2: Foul Ball, location: 2F 1-2: Strikes out swinging, 2-3 out at first.
|
Batting: RHB Paul French
|
0-0: Ball 1-0: Swinging Strike 1-1: Fly out, F7 (Flyball, 7)
|
Batting: RHB Jim Martin
|
0-0: Called Strike 0-1: Called Strike 0-2: Ball 1-2: Ball 2-2: Foul Ball, location: 2F 2-2: Foul Ball, location: 2F 2-2: Fly out, F8 (Flyball, 8RM)
|
Top of the 1st over - 0 run(s), 0 hit(s), 0 error(s), 0 left on base; Northwestern 0 - Oklahoma 0 |
BOTTOM OF THE 1ST |
Oklahoma Sooners batting - Pitching for Northwestern Wildcats : RHP Harry Robinson
|
Pitching: RHP Harry Robinson
|
|
Batting: SHB José Rojas
|
0-0: Ball 1-0: Ball 2-0: Swinging Strike 2-1: Swinging Strike 2-2: Foul Ball, location: 2F 2-2: Foul Ball, location: 2F 2-2: Fly out, F8 (Flyball, 8LM)
|
Batting: LHB Mark Watson
|
0-0: Called Strike 0-1: Ball 1-1: Ball 2-1: Foul Ball, location: 2F 2-2: Strikes out swinging
|
Batting: RHB Rafael Barajas
|
0-0: Fly out, F8 (Flyball, 8RD)
|
Bottom of the 1st over - 0 run(s), 0 hit(s), 0 error(s), 0 left on base; Northwestern 0 - Oklahoma 0 |
TOP OF THE 2ND |
Northwestern Wildcats batting - Pitching for Oklahoma Sooners : RHP José Gabriel
|
Batting: RHB Lynn Johnson
|
0-0: Fly out, F5 (Popup, 5S)
|
Batting: SHB Jeff Fuller
|
0-0: Swinging Strike 0-1: Ball 1-1: Called Strike 1-2: Foul Ball, location: 2F 1-2: Strikes out swinging
|
Batting: RHB Artie Rivers
|
0-0: Ball 1-0: Foul Ball, location: 2F 1-1: Ball 2-1: Foul Ball, location: 2F 2-2: Strikes out looking
|
Top of the 2nd over - 0 run(s), 0 hit(s), 0 error(s), 0 left on base; Northwestern 0 - Oklahoma 0 |
BOTTOM OF THE 2ND |
Oklahoma Sooners batting - Pitching for Northwestern Wildcats : RHP Harry Robinson
|
Batting: RHB Albert Morán
|
0-0: Ground out 5-3 (Groundball, 56S)
|
Batting: RHB Bryant Caldwell
|
0-0: Ball 1-0: Foul Ball, location: 2F 1-1: Foul Ball, location: 2F 1-2: Foul Ball, location: 2F 1-2: SINGLE (Groundball, 4MD)
|
Batting: SHB Allen King
|
0-0: Called Strike 0-1: Called Strike 0-2: Ball 1-2: Ball 2-2: Strikes out swinging
|
Batting: RHB Curt Brown
|
0-0: Fielders Choice at 2nd, 5-4 (Groundball, 5)
|
Bottom of the 2nd over - 0 run(s), 1 hit(s), 0 error(s), 0 left on base; Northwestern 0 - Oklahoma 0 |
TOP OF THE 3RD |
Northwestern Wildcats batting - Pitching for Oklahoma Sooners : RHP José Gabriel
|
Batting: RHB Steve Collier
|
0-0: Ball 1-0: Foul Ball, location: 2F 1-1: Fly out, F2 (Popup, 3S)
|
Batting: RHB Alejandro Amador
|
0-0: Called Strike 0-1: SINGLE (Flyball, 78M)
|
Batting: LHB Juan Díaz
|
0-0: Ball 1-0: Called Strike 1-1: Swinging Strike 1-2: Foul Ball, location: 2F 1-2: Ball 2-2: Foul Ball, location: 2F 2-2: Strikes out swinging
|
Batting: RHB Brandon Sharp
|
0-0: Ball 1-0: Ball 2-0: SINGLE (Groundball, 6D) Alejandro Amador to second
|
Batting: RHB Paul French
|
0-0: Fielders Choice at 2nd, 5-4 (Groundball, 56)
|
Top of the 3rd over - 0 run(s), 2 hit(s), 0 error(s), 1 left on base; Northwestern 0 - Oklahoma 0 |
BOTTOM OF THE 3RD |
Oklahoma Sooners batting - Pitching for Northwestern Wildcats : RHP Harry Robinson
|
Batting: LHB Pancho Sardiña
|
0-0: Ball 1-0: DOUBLE (Groundball, 5L)
|
Batting: RHB Andrés Macíal
|
0-0: Foul Ball, location: 2F 0-1: Foul Ball, location: 2F 0-2: Ball 1-2: Ground out 6-3 (Groundball, 6)
|
Batting: SHB José Rojas
|
0-0: Swinging Strike 0-1: Ball 1-1: Ball 2-1: Fly out, F7 (Flyball, 7D) Runner from 2nd tags up, SAFE at 3rd, no throw
|
Batting: LHB Mark Watson
|
0-0: Ball 1-0: Ground out 4-3 (Groundball, 4)
|
Bottom of the 3rd over - 0 run(s), 1 hit(s), 0 error(s), 1 left on base; Northwestern 0 - Oklahoma 0 |
TOP OF THE 4TH |
Northwestern Wildcats batting - Pitching for Oklahoma Sooners : RHP José Gabriel
|
Batting: RHB Jim Martin
|
0-0: Called Strike 0-1: Ball 1-1: Called Strike 1-2: Strikes out looking
|
Batting: RHB Lynn Johnson
|
0-0: Ball 1-0: Foul Ball, location: 2F 1-1: Foul Ball, location: 2F 1-2: Ground out 3-1 (Groundball, 34)
|
Batting: SHB Jeff Fuller
|
0-0: Foul Ball, location: 2F 0-1: Called Strike 0-2: Ball 1-2: Foul Ball, location: 2F 1-2: Strikes out swinging
|
Top of the 4th over - 0 run(s), 0 hit(s), 0 error(s), 0 left on base; Northwestern 0 - Oklahoma 0 |
BOTTOM OF THE 4TH |
Oklahoma Sooners batting - Pitching for Northwestern Wildcats : RHP Harry Robinson
|
Batting: RHB Rafael Barajas
|
0-0: SOLO HOME RUN (Flyball, 78XD), Distance : 386 ft
|
Batting: RHB Albert Morán
|
0-0: Ball 1-0: Ball 2-0: Called Strike 2-1: Called Strike 2-2: Strikes out looking
|
Batting: RHB Bryant Caldwell
|
0-0: Ball 1-0: Foul Ball, location: 2F 1-1: Ground out 5-3 (Groundball, 56)
|
Batting: SHB Allen King
|
0-0: Swinging Strike 0-1: Ball 1-1: Ball 2-1: SINGLE (Line Drive, 89S)
|
Batting: RHB Curt Brown
|
0-0: Ball 1-0: SINGLE (Line Drive, 6MD) Allen King to second
|
Batting: LHB Pancho Sardiña
|
0-0: Ball 1-0: Foul Ball, location: 2F 1-1: Fly out, F9 (Flyball, 9LM)
|
Bottom of the 4th over - 1 run(s), 3 hit(s), 0 error(s), 2 left on base; Northwestern 0 - Oklahoma 1 |
TOP OF THE 5TH |
Northwestern Wildcats batting - Pitching for Oklahoma Sooners : RHP José Gabriel
|
Batting: RHB Artie Rivers
|
0-0: Called Strike 0-1: SINGLE (Groundball, 6MD)
|
Batting: RHB Steve Collier
|
0-0: Fly out, F8 (Flyball, 89M)
|
Batting: RHB Alejandro Amador
|
0-0: Foul Ball, location: 2F 0-1: Ball 1-1: SINGLE (Flyball, 8RS) Artie Rivers to second
|
Batting: LHB Juan Díaz
|
0-0: Ball 1-0: Called Strike 1-1: Called Strike 1-2: Fielders Choice at 2nd, 1-6 (Groundball, 13S) Artie Rivers to third
|
Batting: RHB Brandon Sharp
|
0-0: Ball 1-0: Foul Ball, location: 2F 1-1: Foul Ball, location: 2F 1-2: Strikes out swinging
|
Top of the 5th over - 0 run(s), 2 hit(s), 0 error(s), 2 left on base; Northwestern 0 - Oklahoma 1 |
BOTTOM OF THE 5TH |
Oklahoma Sooners batting - Pitching for Northwestern Wildcats : RHP Harry Robinson
|
Batting: RHB Andrés Macíal
|
0-0: Fly out, F9 (Line Drive, 9)
|
Batting: SHB José Rojas
|
0-0: Swinging Strike 0-1: Ball 1-1: Ball 2-1: Called Strike 2-2: Ground out 4-3 (Groundball, 4)
|
Batting: LHB Mark Watson
|
0-0: Called Strike 0-1: Ground out 6-3 (Groundball, 6)
|
Bottom of the 5th over - 0 run(s), 0 hit(s), 0 error(s), 0 left on base; Northwestern 0 - Oklahoma 1 |
TOP OF THE 6TH |
Northwestern Wildcats batting - Pitching for Oklahoma Sooners : RHP José Gabriel
|
Batting: RHB Paul French
|
0-0: Ball 1-0: Ball 2-0: Ball 3-0: Called Strike 3-1: SINGLE (Flyball, 78S)
|
Batting: RHB Jim Martin
|
0-0: Ball 1-0: Swinging Strike 1-1: Ball 2-1: Foul Ball, location: 2F 2-2: Foul Ball, location: 2F 2-2: SINGLE (Line Drive, 6MD) Paul French to second
|
Pitching: RHP Rafael Anariba
|
|
Batting: RHB Lynn Johnson
|
0-0: Ball 1-0: Ball 2-0: Foul Ball, location: 2F 2-1: Called Strike 2-2: Foul Ball, location: 2F 2-2: Ball 3-2: Foul Ball, location: 2F 3-2: Foul Ball, location: 2F 3-2: Ground out 5-3 (Groundball, 56S) Paul French to third Jim Martin to second
|
Batting: SHB Jeff Fuller
|
0-0: Swinging Strike 0-1: Ball 1-1: Ball 2-1: Ball 3-1: Ground out 6-3 (Groundball, 6) Paul French scores
|
Batting: RHB Artie Rivers
|
0-0: Foul Ball, location: 2F 0-1: Foul Ball, location: 2F 0-2: Strikes out swinging
|
Top of the 6th over - 1 run(s), 2 hit(s), 0 error(s), 1 left on base; Northwestern 1 - Oklahoma 1 |
BOTTOM OF THE 6TH |
Oklahoma Sooners batting - Pitching for Northwestern Wildcats : RHP Harry Robinson
|
Batting: RHB Rafael Barajas
|
0-0: Called Strike 0-1: Ball 1-1: Swinging Strike 1-2: Ball 2-2: Foul Ball, location: 2F 2-2: Ball 3-2: SINGLE (Groundball, 6MD)
|
Batting: RHB Albert Morán
|
0-0: Ball 1-0: Foul Ball, location: 2F 1-1: Swinging Strike 1-2: Strikes out swinging
|
Batting: RHB Bryant Caldwell
|
0-0: Called Strike 0-1: Ball 1-1: Called Strike 1-2: Foul Ball, location: 2F 1-2: Ball 2-2: Foul Ball, location: 2F 2-2: Foul Ball, location: 2F 2-2: Ball 3-2: Grounds into double play, 6-4-3 (Groundball, 56D)
|
Bottom of the 6th over - 0 run(s), 1 hit(s), 0 error(s), 0 left on base; Northwestern 1 - Oklahoma 1 |
TOP OF THE 7TH |
Northwestern Wildcats batting - Pitching for Oklahoma Sooners : RHP Rafael Anariba
|
Batting: RHB Steve Collier
|
0-0: Called Strike 0-1: Called Strike 0-2: Ball 1-2: Ball 2-2: Strikes out swinging
|
Batting: RHB Alejandro Amador
|
0-0: Swinging Strike 0-1: Ball 1-1: Called Strike 1-2: Strikes out swinging
|
Batting: LHB Juan Díaz
|
0-0: Called Strike 0-1: Ball 1-1: Ball 2-1: Ball 3-1: Base on Balls
|
Batting: RHB Brandon Sharp
|
0-0: Called Strike 0-1: Foul Ball, location: 2F 0-2: Fly out, F8 (Flyball, 8RM)
|
Top of the 7th over - 0 run(s), 0 hit(s), 0 error(s), 1 left on base; Northwestern 1 - Oklahoma 1 |
BOTTOM OF THE 7TH |
Oklahoma Sooners batting - Pitching for Northwestern Wildcats : RHP Harry Robinson
|
Pitching: RHP Paul Tidwell
|
|
Batting: SHB Allen King
|
0-0: Foul Ball, location: 2F 0-1: Swinging Strike 0-2: Ball 1-2: Ball 2-2: Strikes out looking
|
Batting: RHB Curt Brown
|
0-0: Called Strike 0-1: Fly out, F8 (Line Drive, 78M)
|
Batting: LHB Pancho Sardiña
|
0-0: Called Strike 0-1: Ball 1-1: Ball 2-1: Foul Ball, location: 2F 2-2: Ground out 5-3 (Groundball, 56)
|
Bottom of the 7th over - 0 run(s), 0 hit(s), 0 error(s), 0 left on base; Northwestern 1 - Oklahoma 1 |
TOP OF THE 8TH |
Northwestern Wildcats batting - Pitching for Oklahoma Sooners : RHP Rafael Anariba
|
Batting: RHB Paul French
|
0-0: Ball 1-0: Called Strike 1-1: Foul Ball, location: 2F 1-2: Ball 2-2: Strikes out swinging
|
Batting: RHB Jim Martin
|
0-0: Ground out 4-3 (Groundball, 4M)
|
Batting: RHB Lynn Johnson
|
0-0: Swinging Strike 0-1: Ball 1-1: Ball 2-1: Ball 3-1: Swinging Strike 3-2: Base on Balls
|
Batting: SHB Jeff Fuller
|
0-0: Called Strike 0-1: Ball 1-1: Fly out, F6 (Popup, 6MS)
|
Top of the 8th over - 0 run(s), 0 hit(s), 0 error(s), 1 left on base; Northwestern 1 - Oklahoma 1 |
BOTTOM OF THE 8TH |
Oklahoma Sooners batting - Pitching for Northwestern Wildcats : RHP Paul Tidwell
|
Batting: RHB Andrés Macíal
|
0-0: Fly out, F7 (Flyball, 78M)
|
Batting: SHB José Rojas
|
0-0: Ball 1-0: Called Strike 1-1: Ball 2-1: Fly out, F9 (Flyball, 9S)
|
Batting: LHB Mark Watson
|
0-0: SINGLE (Line Drive, 8LS)
|
Pinch Runner at 1st Matt Snow:
|
|
Batting: RHB Rafael Barajas
|
0-0: Ball 1-0: Ball 2-0: Fielders Choice at 2nd, 6-4 (Groundball, 56)
|
Bottom of the 8th over - 0 run(s), 1 hit(s), 0 error(s), 0 left on base; Northwestern 1 - Oklahoma 1 |
TOP OF THE 9TH |
Northwestern Wildcats batting - Pitching for Oklahoma Sooners : RHP Rafael Anariba
|
Pitching: RHP Valentín Pérez
|
|
Now in RF: Sidney Boyd
|
|
Batting: RHB Artie Rivers
|
0-0: Called Strike 0-1: Called Strike 0-2: DOUBLE (Flyball, 78M)
|
Batting: RHB Steve Collier
|
0-0: Intentional Walk
|
Batting: RHB Alejandro Amador
|
0-0: Called Strike 0-1: Swinging Strike 0-2: Foul Ball, location: 2F 0-2: Fly out, F8 (Flyball, 8LD)
|
Batting: LHB Juan Díaz
|
0-0: Called Strike 0-1: Foul Ball, location: 2F 0-2: Strikes out swinging
|
Batting: RHB Brandon Sharp
|
0-0: Ball 1-0: Called Strike 1-1: Ball 2-1: Foul Ball, location: 2F 2-2: Ball 3-2: Foul Ball, location: 2F 3-2: Base on Balls Artie Rivers to third Steve Collier to second
|
Batting: RHB Paul French
|
0-0: Ball 1-0: Swinging Strike 1-1: Hit by Pitch Artie Rivers scores Steve Collier to third Brandon Sharp to second
|
Batting: RHB Jim Martin
|
0-0: Called Strike 0-1: Swinging Strike 0-2: Ball 1-2: Foul Ball, location: 2F 1-2: Fielders Choice at 2nd, 4-6 (Groundball, 4)
|
Top of the 9th over - 1 run(s), 1 hit(s), 0 error(s), 2 left on base; Northwestern 2 - Oklahoma 1 |
BOTTOM OF THE 9TH |
Oklahoma Sooners batting - Pitching for Northwestern Wildcats : RHP Paul Tidwell
|
Pitching: RHP Elliot Mosley
|
|
Batting: RHB Albert Morán
|
0-0: Ball 1-0: Foul Ball, location: 2F 1-1: Foul Ball, location: 2F 1-2: Ball 2-2: Ball 3-2: Foul Ball, location: 2F 3-2: Foul Ball, location: 2F 3-2: Fly out, F9 (Flyball, 9S)
|
Batting: RHB Bryant Caldwell
|
0-0: Called Strike 0-1: Ball 1-1: Ground out 6-3 (Groundball, 56)
|
Batting: SHB Allen King
|
0-0: Called Strike 0-1: Ball 1-1: Foul Ball, location: 2F 1-2: Strikes out swinging
|
Bottom of the 9th over - 0 run(s), 0 hit(s), 0 error(s), 0 left on base; Northwestern 2 - Oklahoma 1 |
|